 Dungeon Sprint DCSS version 0.28-a0-909-g796cbd3a86 (webtiles) character file.

Game seed: 9216562634577284974

9 Turgor the Shield-Bearer (level 2, -12/16 HPs)
             Began as a Vine Stalker Fighter on Nov 24, 2021.
             Killed from afar by an oklob sapling (28 damage)
             ... with a splash of acid
             ... in the Dungeon (Sprint IV: "Fedhas' Mad Dash").
             The game lasted 00:00:53 (21 turns).

Turgor the Shield-Bearer (Vine Stalker Fighter)       Turns: 21, Time: 00:00:54

Health: -12/16     AC:  6    Str: 18    XL:     2   Next: 16%
Magic:  0/3        EV:  9    Int:  8    God:
Gold:   0          SH:  4    Dex: 13    Spells: 1/1 levels left

rFire   . . .      SeeInvis .   a - +0 war axe
rCold   . . .      Faith    .   c - +0 buckler
rNeg    . . .      Spirit   +   b - +0 scale mail
rPois   .          Reflect  .   (no helmet)
rElec   .          Harm     .   (no cloak)
rCorr   .          Rampage  .   (no gloves)
Will    .....      NoTele   +   (no boots)
Stlth   ..........              (no amulet)
HPRegen 0.05/turn               (no ring)
MPRegen 0.08/turn               (no ring)

@: no status effects
A: fangs 2, magic shield, antimagic bite, no potion heal 2
a: no special abilities


You were in the Dungeon.
You visited 1 branch

Inventory:

Hand Weapons
 a - a +0 war axe (weapon)
Missiles
 j - 22 stones (quivered)
Armour
 b - a +0 scale mail (worn)
 c - a +0 buckler (worn)
Scrolls
 i - a scroll of blinking
Potions
 d - a potion of might
 e - a potion of curing
 f - a potion of haste
 g - 2 potions of magic
 h - a potion of berserk rage


   Skills:
 + Level 3.3 Fighting
 + Level 2.5 Axes
 + Level 3.0 Armour
 + Level 3.3 Shields


You had one spell level left.
You didn't know any spells.
Your spell library was empty.

Dungeon Overview and Level Annotations

Branches:
Dungeon (1/1)

Altars:


Innate Abilities, Weirdness & Mutations

You have extremely sharp teeth.
When hurt, damage is shared between your health and your magic reserves.
Your bite disrupts and absorbs the magic of your enemies.
Potions cannot restore your health.


Message History

You open the door.
A rat and a river rat come into view.
Found 22 stones.
You closely miss the river rat. Your bite misses the river rat.
You hit the fungus.
The fungus begins to die.
You hit the fungus.
The fungus begins to die.
You hit the fungus.
The fungus begins to die.
The river rat bites you but does no damage.
You closely miss the river rat. Your bite misses the river rat.
You hit the fungus. You slash the fungus! You hit the fungus.
A nearby fungus withers and dies.
You block the river rat's attack.
You slash the river rat! Your bite misses the river rat.
The river rat is severely wounded.
You hit the fungus. x2; A nearby fungus withers and dies. x2
The river rat barely misses you.
You hit the rat.
You kill the rat!
You hit the river rat but do no damage. You block the river rat's attack.
You closely miss the river rat.
You bite the river rat, but do no damage.
The river rat is severely wounded.
The river rat closely misses you. The river rat barely misses you.
Your scale mail prevents you from hitting the river rat.
You bite the river rat, but do no damage.
The river rat is severely wounded.
The river rat bites you but does no damage.
You slash the river rat!
You kill the river rat!
Your Fighting skill increases to level 3!
Your Axes skill increases to level 2!
Your Armour skill increases to level 3!
Your Shields skill increases to level 3!
You have reached level 2!
There is an open door, spattered with blood here.
You see here 22 stones.
j - 22 stones You open the door.
An oklob sapling comes into view.
The oklob sapling spits acid at you. The splash of acid hits you!!
Ouch! That really hurt!
You die...

############ #####
#<...#.....#.$$$$#
#PP..'....@'.#
#PP..#.....#P#
############ #


You could see an oklob sapling.

Vanquished Creatures
  A river rat (D)
  A rat (D)
2 creatures vanquished.

Vanquished Creatures (others)
  3 fungi (D)
3 creatures vanquished.

Grand Total: 5 creatures vanquished

Notes
Turn   | Place    | Note
-------+----------+-------------------------------------------
     0 | D        | Turgor the Vine Stalker Fighter began the quest for the
                  | Orb.
     0 | D        | Reached XP level 1. HP: 11/11 MP: 2/2
    14 | D        | Reached XP level 2. HP: 16/16 MP: 3/3
    21 | D        | Noticed an oklob sapling
    21 | D        | Killed from afar by an oklob sapling

Illustrated notes

Levels and vault maps discovered:
D:        dungeon_sprint_fedhas [sprint_temple]

Skill      XL: |  1 |
---------------+----+-----
Fighting       | 3 |  3.3
Axes           | 2 |  2.5
Armour         | 3 |  3.0
Shields        | 3 |  3.3

Action                   || total
-------------------------++-------
Melee: War axe           ||     7
       Bite              ||     2
Armor: Scale mail        ||     2
Dodge: Dodged            ||     3
Block: Buckler           ||     2

Table legend: (Time is in decaauts)
 A = Elapsed time spent in this place.
 B = Non-inter-level travel time spent in this place.
 C = Inter-level travel time spent in this place.
 D = Time resting spent in this place.
 E = Time spent auto-exploring this place.
 F = Levels seen in this place.
 G = Mean time per level.
                   A        B        C        D        E       F      G
               +--------+--------+--------+--------+--------+-----+--------+
         Total |     24 |     24 |      0 |      0 |      0 |   1 |   24.0 |
       Dungeon |     24 |     24 |      0 |      0 |      0 |   1 |   24.0 |
               +--------+--------+--------+--------+--------+-----+--------+

Top non-repeatable levels by time:
       D: 24 daAuts
